[Event "HUN-ch Rapid 2019"]
[Site "Ajka"]
[Date "2019.07.19"]
[Round "1.4"]
[White "Papp, Gabor"]
[Black "Biro, Zsolt"]
[Result "1-0"]
[ECO "C05"]
[WhiteElo "2587"]
[BlackElo "2003"]
[Annotator "ChessBase"]
[PlyCount "49"]
[EventDate "2019.07.18"]
[EventType "swiss"]
[EventCountry "HUN"]
[SourceTitle "playchess.com"]
[Source "ChessBase"]
[SourceQuality "1"]
[TimeControl "1200+5"]

1. e4 e6 2. d4 d5 3. Nd2 Nf6 4. e5 Nfd7 5. Bd3 c5 6. c3 Nc6 7. Ne2 Be7 8. O-O a6 9. f4 b5 10. Nf3 Qb6 11. Be3 a5 12. f5 cxd4 13. cxd4 Ndxe5 14. dxe5 Qxe3+ 15. Kh1 Rb8 16. Rc1 Bd7 17. f6 gxf6 18. exf6 Bxf6 19. Ng3 h5 20. Nf5 Qb6 21. Qe1 Kf8 22. Nd6 Nb4 23. Ne5 Bxe5 24. Rxf7+ Kg8 25. Qxe5 1-0

[Event "HUN-ch Rapid 2019"]
[Site "Ajka"]
[Date "2019.07.19"]
[Round "1.5"]
[White "Paksa, Rudolf"]
[Black "Hera, Imre Jr."]
[Result "0-1"]
[ECO "B00"]
[WhiteElo "2084"]
[BlackElo "2610"]
[Annotator "RC"]
[PlyCount "46"]
[EventDate "2019.07.18"]
[EventType "swiss"]
[EventCountry "HUN"]
[SourceTitle "playchess.com"]
[Source "ChessBase"]
[SourceQuality "1"]
[TimeControl "1200+5"]

1. e4 Nc6 2. Nf3 d6 3. d4 Nf6 4. Nc3 g6 5. h3 Bg7 6. Be3 O-O 7. Qd2 a6 8. Bh6 b5 9. Bxg7 Kxg7 10. a3 e5 11. O-O-O Bb7 12. Qe3 exd4 13. Nxd4 Re8 14. f3 Qe7 15. Bd3 Ne5 16. Rhe1 c5 17. f4 cxd4 18. Qxd4 Nxd3+ 19. cxd3 Qc7 20. e5 dxe5 21. fxe5 Nd5 22. e6+ f6 23. Rf1 Rxe6 0-1

[Event "HUN-ch Rapid 2019"]
[Site "Ajka"]
[Date "2019.07.19"]
[Round "1.7"]
[White "Fehervari, Istvan"]
[Black "Ruck, Robert"]
[Result "0-1"]
[ECO "D97"]
[WhiteElo "1959"]
[BlackElo "2524"]
[Annotator "ChessBase"]
[PlyCount "42"]
[EventDate "2019.07.18"]
[EventType "swiss"]
[EventCountry "HUN"]
[SourceTitle "playchess.com"]
[Source "ChessBase"]
[SourceQuality "1"]
[TimeControl "1200+5"]

1. d4 Nf6 2. Nf3 g6 3. c4 Bg7 4. Nc3 d5 5. Qb3 dxc4 6. Qxc4 O-O 7. e4 a6 8. Qd3 b5 9. Be2 Bb7 10. a3 c5 11. dxc5 Qxd3 12. Bxd3 Nbd7 13. O-O Nxc5 14. Bc2 Nfxe4 15. Nxe4 Bxe4 16. Bxe4 Nxe4 17. Re1 f5 18. Rb1 Rac8 19. Ng5 Rxc1 20. Nxe4 Rxe1+ 21. Rxe1 fxe4 0-1

[Event "HUN-ch Rapid 2019"]
[Site "Ajka"]
[Date "2019.07.19"]
[Round "1.8"]
[White "Prohaszka, Peter"]
[Black "Palla, Gyorgy"]
[Result "1-0"]
[ECO "D02"]
[WhiteElo "2598"]
[BlackElo "1992"]
[Annotator "RC"]
[PlyCount "87"]
[EventDate "2019.07.18"]
[EventType "swiss"]
[EventCountry "HUN"]
[SourceTitle "playchess.com"]
[Source "ChessBase"]
[SourceQuality "1"]
[TimeControl "1200+5"]

1. d4 d5 2. Nf3 Nf6 3. c4 c6 4. g3 Bf5 5. Bg2 Nbd7 6. Qb3 Qb6 7. O-O e6 8. Nc3 Qxb3 9. axb3 Bc2 10. Nd2 Bd6 11. c5 Bc7 12. b4 e5 13. Nf3 e4 14. Nh4 O-O 15. Nf5 Bb3 16. b5 Rfe8 17. Bf4 Bxf4 18. gxf4 Bc4 19. Nd6 Re6 20. b6 Ba6 21. bxa7 Nh5 22. f5 Rh6 23. f4 Rxa7 24. b4 Ra8 25. b5 cxb5 26. Nxd5 Rxd6 27. cxd6 Nhf6 28. Nc7 Rd8 29. Nxa6 bxa6 30. Rxa6 Rb8 31. Rfa1 g6 32. fxg6 hxg6 33. Ra8 Rxa8 34. Rxa8+ Kg7 35. Bh3 Nb6 36. Rb8 Nbd5 37. d7 Nxd7 38. Bxd7 Nxf4 39. Kf1 Nd5 40. Bxb5 f5 41. Kf2 f4 42. Bc4 Nf6 43. Be6 g5 44. h3 1-0

[Event "HUN-ch Rapid 2019"]
[Site "Ajka"]
[Date "2019.07.19"]
[Round "1.10"]
[White "Czebe, Attila"]
[Black "Kovacsy, Barnabas"]
[Result "1-0"]
[ECO "A05"]
[WhiteElo "2436"]
[BlackElo "2087"]
[Annotator "ChessBase"]
[PlyCount "209"]
[EventDate "2019.07.18"]
[EventType "swiss"]
[EventCountry "HUN"]
[SourceTitle "playchess.com"]
[Source "ChessBase"]
[SourceQuality "1"]
[TimeControl "1200+5"]

1. Nf3 Nf6 2. g3 g6 3. b3 Bg7 4. Bb2 O-O 5. Bg2 d5 6. O-O c5 7. Qc1 Nc6 8. Ne5 Nxe5 9. Bxe5 Bd7 10. c4 Bc6 11. Nc3 e6 12. cxd5 exd5 13. d4 cxd4 14. Bxd4 Ne4 15. Bxg7 Kxg7 16. Nxe4 dxe4 17. Qe3 Qb6 18. Qc3+ Kg8 19. Rfd1 Rad8 20. e3 Rxd1+ 21. Rxd1 Rd8 22. Rxd8+ Qxd8 23. Qd4 Qa5 24. a4 Qd5 25. Qxd5 Bxd5 26. b4 b6 27. Kf1 a5 28. bxa5 bxa5 29. Ke1 Bc6 30. Kd2 f5 31. Kc3 Bxa4 32. Bf1 Kg7 33. h4 Kf6 34. Kd4 Bc2 35. Bb5 h6 36. Kc3 Bd1 37. Kd2 Bf3 38. Kc3 Ke5 39. Be8 g5 40. hxg5 hxg5 41. Kc4 Be2+ 42. Kc5 Bd1 43. Bd7 f4 44. Kb5 a4 45. Kb4 fxe3 46. fxe3 Bc2 47. Bc6 Bb3 48. Bb5 Kf5 49. Be2 Bc2 50. Bh5 Bb3 51. Ka3 Bc2 52. Be2 Bb3 53. Kb2 Ke5 54. Kc3 Be6 55. Kb4 Bb3 56. Bg4 Be6 57. Bh5 Bb3 58. Bg6 Bc2 59. Be8 Bb3 60. Bd7 Bc2 61. Bg4 Bb3 62. Kc3 Bd5 63. Kb2 Bc4 64. Bd1 Bd3 65. Bxa4 Be2 66. Kc3 Bg4 67. Kc4 Be2+ 68. Kc5 Bg4 69. Be8 Be6 70. Kc6 Bf5 71. Bh5 Be6 72. Be2 Bf5 73. Kc7 Be6 74. Kd8 Kf6 75. Bb5 Kf5 76. Ke7 Bc8 77. Be2 Bb7 78. Kf7 Bd5+ 79. Kg7 Be6 80. g4+ Ke5 81. Kg6 Kd5 82. Kxg5 Ke5 83. Bb5 Bc8 84. Be8 Be6 85. Bg6 Bd7 86. Bf5 Be8 87. Kh4 Bc6 88. Kg3 Bb7 89. Bd7 Bd5 90. g5 Bf7 91. Kh4 Bg6 92. Kg4 Bf7 93. Bf5 Be8 94. Bh7 Bc6 95. Kh5 Be8+ 96. Kh6 Kd5 97. g6 Kc4 98. g7 Bf7 99. Bxe4 Kc3 100. Bg6 Bg8 101. Kg5 Kc4 102. Kf6 Kc5 103. e4 Kc6 104. e5 Kd7 105. e6+ 1-0

[Event "HUN-ch Rapid 2019"]
[Site "Ajka"]
[Date "2019.07.19"]
[Round "1.13"]
[White "Csiszar, Viktoria"]
[Black "Horvath, Adam"]
[Result "0-1"]
[ECO "B24"]
[WhiteElo "1958"]
[BlackElo "2517"]
[Annotator "ChessBase"]
[PlyCount "52"]
[EventDate "2019.07.18"]
[EventType "swiss"]
[EventCountry "HUN"]
[SourceTitle "playchess.com"]
[Source "ChessBase"]
[SourceQuality "1"]
[TimeControl "1200+5"]

1. e4 c5 2. Nc3 Nc6 3. g3 g6 4. Bg2 Bg7 5. d3 e6 6. f4 Nge7 7. Nf3 d5 8. O-O a6 9. Kh1 b5 10. f5 gxf5 11. exd5 exd5 12. Ng5 h6 13. Qe2 Nd4 14. Qd2 hxg5 15. Qxg5 Ne6 16. Qd2 Bb7 17. Qf2 Qd7 18. a4 b4 19. Ne2 O-O-O 20. c3 b3 21. Ra3 c4 22. Qa7 Nc6 23. Qb6 Bf8 24. dxc4 dxc4 25. Be3 Bxa3 26. bxa3 Qc7 0-1

[Event "HUN-ch Rapid 2019"]
[Site "Ajka"]
[Date "2019.07.19"]
[Round "1.14"]
[White "Mihok, Oliver"]
[Black "Pais, Nimrod"]
[Result "1-0"]
[ECO "C10"]
[WhiteElo "2550"]
[BlackElo "1906"]
[Annotator "ChessBase"]
[PlyCount "40"]
[EventDate "2019.07.18"]
[EventType "swiss"]
[EventCountry "HUN"]
[SourceTitle "playchess.com"]
[Source "ChessBase"]
[SourceQuality "1"]
[TimeControl "1200+5"]

1. e4 e6 2. d4 d5 3. Nc3 dxe4 4. Nxe4 Bd7 5. Nf3 Bc6 6. Bd3 Nd7 7. c3 Be7 8. O-O Ngf6 9. Nxf6+ Bxf6 10. Bf4 O-O 11. Re1 h6 12. Bc2 Bg5 13. Nxg5 hxg5 14. Qh5 Nf6 15. Qxg5 Qd5 16. Re5 Qd8 17. Qh4 Re8 18. Bg5 b5 19. Rae1 Bd5 20. R1e3 Re7 1-0

[Event "HUN-ch Rapid 2019"]
[Site "Ajka"]
[Date "2019.07.19"]
[Round "1.15"]
[White "Guzs, Laszlo"]
[Black "Horvath, Peter"]
[Result "0-1"]
[ECO "D34"]
[WhiteElo "1945"]
[BlackElo "2418"]
[Annotator "NA"]
[PlyCount "50"]
[EventDate "2019.07.18"]
[EventType "swiss"]
[EventCountry "HUN"]
[SourceTitle "playchess.com"]
[Source "ChessBase"]
[SourceQuality "1"]
[TimeControl "1200+5"]

1. d4 d5 2. Nf3 Nf6 3. g3 e6 4. Bg2 c5 5. O-O Nc6 6. c4 Be7 7. cxd5 exd5 8. Nc3 O-O 9. h3 c4 10. Ne5 Be6 11. Be3 Bb4 12. Qa4 Bxc3 13. Nxc6 bxc6 14. bxc3 Qd7 15. Bg5 Ne4 16. Bxe4 dxe4 17. h4 Bd5 18. e3 h6 19. Bf4 Qh3 20. Rfb1 g5 21. hxg5 hxg5 22. Bxg5 Kg7 23. Qd1 Rh8 24. Bh4 Rxh4 25. gxh4 Rg8 0-1

[Event "HUN-ch Rapid 2019"]
[Site "Ajka"]
[Date "2019.07.19"]
[Round "1.16"]
[White "Videki, Sandor"]
[Black "Pasti, Aron"]
[Result "1-0"]
[ECO "C46"]
[WhiteElo "2401"]
[BlackElo "2209"]
[Annotator "ChessBase"]
[PlyCount "129"]
[EventDate "2019.07.18"]
[EventType "swiss"]
[EventCountry "HUN"]
[SourceTitle "playchess.com"]
[Source "ChessBase"]
[SourceQuality "1"]
[TimeControl "1200+5"]

1. e4 e5 2. Nf3 Nc6 3. Nc3 g6 4. d4 exd4 5. Nxd4 Bg7 6. Be3 Nf6 7. Nxc6 bxc6 8. e5 Ng8 9. f4 Ne7 10. Bc4 d5 11. exd6 cxd6 12. Bd4 O-O 13. Bxg7 Kxg7 14. Qd4+ f6 15. O-O-O d5 16. Bb3 Qc7 17. Rhe1 Bb7 18. Na4 Nf5 19. Qf2 Rae8 20. g3 Bc8 21. Rd2 Nd6 22. Nc5 Bg4 23. Rd3 Rxe1+ 24. Qxe1 Re8 25. Re3 Rxe3 26. Qxe3 Kf7 27. c3 Qe7 28. Qxe7+ Kxe7 29. Kd2 Nf5 30. Ba4 Kd6 31. b4 h5 32. Nb7+ Kc7 33. Na5 Ne7 34. Nb3 Nf5 35. Nd4 Nxd4 36. cxd4 a6 37. Bc2 g5 38. Ke3 Kd6 39. fxg5 fxg5 40. h4 gxh4 41. gxh4 Kc7 42. Bd3 Kb6 43. a3 a5 44. Kf4 axb4 45. axb4 Bd1 46. Ke5 Bg4 47. Kd6 Bd1 48. Bg6 Kb5 49. Be8 Kxb4 50. Bxc6 Kc4 51. Ke5 Bf3 52. Be8 Bg4 53. Bg6 Bf3 54. Bf7 Kd3 55. Bxd5 Bd1 56. Bf7 Ke3 57. d5 Bg4 58. Be6 Bd1 59. d6 Ba4 60. Bf7 Kf3 61. Kf5 Bd7+ 62. Kg5 Ke4 63. Kf6 Kf4 64. Bxh5 Kg3 65. Kg5 1-0

[Event "HUN-ch Rapid 2019"]
[Site "Ajka"]
[Date "2019.07.19"]
[Round "1.17"]
[White "Losonczi, Marcell"]
[Black "Farago, Ivan"]
[Result "0-1"]
[ECO "C18"]
[WhiteElo "2276"]
[BlackElo "2350"]
[Annotator "ChessBase"]
[PlyCount "90"]
[EventDate "2019.07.18"]
[EventType "swiss"]
[EventCountry "HUN"]
[SourceTitle "playchess.com"]
[Source "ChessBase"]
[SourceQuality "1"]
[TimeControl "1200+5"]

1. e4 e6 2. d4 d5 3. Nc3 Bb4 4. e5 c5 5. a3 Bxc3+ 6. bxc3 Qa5 7. Bd2 Qa4 8. Nf3 Ne7 9. Be2 b6 10. O-O Ba6 11. Bg5 Nbc6 12. dxc5 bxc5 13. Be3 Bxe2 14. Qxe2 Qa5 15. c4 d4 16. Bf4 O-O 17. Nd2 Ng6 18. Bg3 Qc7 19. Rfe1 Nce7 20. Ne4 Nf5 21. Nd6 Nxg3 22. hxg3 f6 23. Nb5 Qc6 24. exf6 a6 25. Qxe6+ Qxe6 26. Rxe6 axb5 27. fxg7 Rfb8 28. cxb5 Rxb5 29. f4 Kxg7 30. f5 Nf8 31. Rc6 Re8 32. Kf2 Re5 33. g4 Rb2 34. Kg3 Rxc2 35. Kf4 Ree2 36. Rb1 Rb2 37. Rc1 Rf2+ 38. Kg5 h6+ 39. Rxh6 Nh7+ 40. Kh5 Nf6+ 41. Kg5 Ne4+ 42. Kh5 Rxg2 43. Rg6+ Kf7 44. g5 Ng3+ 45. Kg4 Nxf5+ 0-1

[Event "HUN-ch Rapid 2019"]
[Site "Ajka"]
[Date "2019.07.19"]
[Round "1.18"]
[White "Jakab, Attila"]
[Black "Ongut, Tamas Gunes"]
[Result "1-0"]
[ECO "E70"]
[WhiteElo "2377"]
[BlackElo "2158"]
[Annotator "ChessBase"]
[PlyCount "116"]
[EventDate "2019.07.18"]
[EventType "swiss"]
[EventCountry "HUN"]
[SourceTitle "playchess.com"]
[Source "ChessBase"]
[SourceQuality "1"]
[TimeControl "1200+5"]

1. d4 Nf6 2. c4 g6 3. Nc3 Bg7 4. e4 d6 5. Nge2 O-O 6. Ng3 e5 7. d5 a5 8. Be2 Na6 9. h4 h5 10. Bg5 Qe8 11. Qd2 Nc5 12. O-O-O a4 13. Rdg1 Kh7 14. Bd1 Bd7 15. Bc2 Ng8 16. Be3 b6 17. Nf1 Nh6 18. f3 a3 19. b3 Qc8 20. g4 hxg4 21. fxg4 Nxg4 22. h5 g5 23. Bxg5 Nh6 24. Nh2 b5 25. Be3 Rg8 26. cxb5 Qf8 27. Bd1 f5 28. exf5 Bxf5 29. Bc2 e4 30. Rg6 Bxc3 31. Qxc3 Bxg6 32. hxg6+ Rxg6 33. Ng4 Qf3 34. Rh4 Qf1+ 35. Bd1 Nd3+ 36. Kc2 Qg2+ 37. Qd2 Qg3 38. Rxh6+ Rxh6 39. Nxh6 Rf8 40. Ng4 Ne1+ 41. Kc3 Nf3 42. Bxf3 Rxf3 43. Kb4 Qxg4 44. Qc1 Rf7 45. Qh1+ Kg8 46. Bd4 Rh7 47. Qa1 e3 48. Kxa3 e2 49. Bf2 Re7 50. Qc3 Qg7 51. Qd2 c5 52. bxc6 Qe5 53. b4 e1=Q 54. Bxe1 Qxe1 55. Qxe1 Rxe1 56. b5 Rc1 57. b6 Rc5 58. b7 Rxd5 1-0

[Event "HUN-ch Rapid 2019"]
[Site "Ajka"]
[Date "2019.07.19"]
[Round "1.19"]
[White "Erseki, Tamara"]
[Black "Popovics, Adam"]
[Result "0-1"]
[ECO "B06"]
[WhiteElo "2053"]
[BlackElo "2365"]
[Annotator "ChessBase"]
[PlyCount "72"]
[EventDate "2019.07.18"]
[EventType "swiss"]
[EventCountry "HUN"]
[SourceTitle "playchess.com"]
[Source "ChessBase"]
[SourceQuality "1"]
[TimeControl "1200+5"]

1. e4 g6 2. d4 Bg7 3. Nc3 a6 4. Be3 b5 5. Qd2 d6 6. h3 Bb7 7. O-O-O Nd7 8. f4 b4 9. Nce2 Bxe4 10. Qxb4 Rb8 11. Qa4 Ngf6 12. Nc3 Bb7 13. Nf3 O-O 14. f5 gxf5 15. Bd3 e6 16. Rdf1 c5 17. g4 Nb6 18. Qa3 c4 19. Be2 fxg4 20. hxg4 Nxg4 21. Bg5 Qd7 22. Rh4 f5 23. Bf4 e5 24. dxe5 dxe5 25. Rd1 Qe8 26. Bd2 e4 27. Ng5 e3 28. Be1 h6 29. Nf3 Rf6 30. Bg3 Rd8 31. Bc7 Rxd1+ 32. Bxd1 e2 33. Nxe2 Qe3+ 34. Qxe3 Nxe3 35. Ne5 Nbd5 36. Bd8 Rd6 0-1

[Event "HUN-ch Rapid 2019"]
[Site "Ajka"]
[Date "2019.07.19"]
[Round "1.20"]
[White "Dankhazi, Andras"]
[Black "Tamasi, Zoltan"]
[Result "1/2-1/2"]
[ECO "D20"]
[WhiteElo "2277"]
[BlackElo "1964"]
[Annotator "NA"]
[PlyCount "60"]
[EventDate "2019.07.18"]
[EventType "swiss"]
[EventCountry "HUN"]
[SourceTitle "playchess.com"]
[Source "ChessBase"]
[SourceQuality "1"]
[TimeControl "1200+5"]

1. d4 d5 2. c4 dxc4 3. e4 e5 4. Nf3 exd4 5. Bxc4 Nc6 6. O-O Be6 7. Bb5 Bc5 8. b4 Bb6 9. a4 a6 10. Bxc6+ bxc6 11. a5 Ba7 12. Bb2 c5 13. bxc5 Bxc5 14. Nxd4 Bxd4 15. Bxd4 Nf6 16. Nc3 O-O 17. f3 Qe7 18. Na4 Rfd8 19. Bc5 Qe8 20. Qe2 Bb3 21. Nc3 Qe5 22. Qe3 Bc2 23. Nd5 Nxd5 24. exd5 Rxd5 25. Qxe5 Rxe5 26. Bd4 Rd5 27. Be3 Rd7 28. Rfc1 Bd3 29. Rd1 Rad8 30. Rac1 Bb5 1/2-1/2

[Event "HUN-ch Rapid 2019"]
[Site "Ajka"]
[Date "2019.07.19"]
[Round "2.2"]
[White "Haszon, David"]
[Black "Balog, Imre"]
[Result "0-1"]
[ECO "C01"]
[WhiteElo "2279"]
[BlackElo "2566"]
[Annotator "ChessBase"]
[PlyCount "110"]
[EventDate "2019.07.18"]
[EventType "swiss"]
[EventCountry "HUN"]
[SourceTitle "playchess.com"]
[Source "ChessBase"]
[SourceQuality "1"]
[TimeControl "1200+5"]

1. e4 e6 2. d4 d5 3. exd5 exd5 4. Bd3 Bd6 5. Ne2 Nf6 6. Bg5 Bg4 7. Nbc3 c6 8. Qd2 Nbd7 9. h3 Bxe2 10. Qxe2+ Qe7 11. Qxe7+ Kxe7 12. O-O-O Rae8 13. Rde1+ Kd8 14. Bf5 Kc7 15. Bxd7 Nxd7 16. Bd2 Re6 17. Re3 Rf6 18. f3 h5 19. Rhe1 Rg6 20. R3e2 Rd8 21. Nd1 Nf8 22. c3 Ne6 23. b3 Kd7 24. Nb2 Ba3 25. Kc2 Bxb2 26. Kxb2 Re8 27. Kc2 Nc7 28. Rxe8 Nxe8 29. g4 Rf6 30. f4 hxg4 31. hxg4 Rh6 32. c4 Rh2 33. Kd3 Nf6 34. cxd5 Nxd5 35. a4 Rh3+ 36. Kc2 Rf3 37. f5 Rg3 38. g5 Rf3 39. Rh1 Ne7 40. g6 Nxf5 41. gxf7 Nxd4+ 42. Kb2 Rxf7 43. Bc3 Nf5 44. Rf1 Ke8 45. Re1+ Re7 46. Rg1 Kf7 47. b4 g6 48. Kb3 Re3 49. b5 Nd4+ 50. Kc4 Rxc3+ 51. Kxd4 Ra3 52. bxc6 Rxa4+ 53. Ke5 bxc6 54. Rh1 g5 55. Kf5 Ra5+ 0-1

[Event "HUN-ch Rapid 2019"]
[Site "Ajka"]
[Date "2019.07.19"]
[Round "2.4"]
[White "Hardicsay, Peter"]
[Black "Papp, Gabor"]
[Result "0-1"]
[ECO "A45"]
[WhiteElo "2185"]
[BlackElo "2587"]
[Annotator "ChessBase"]
[PlyCount "136"]
[EventDate "2019.07.18"]
[EventType "swiss"]
[EventCountry "HUN"]
[SourceTitle "playchess.com"]
[Source "ChessBase"]
[SourceQuality "1"]
[TimeControl "1200+5"]

1. d4 Nf6 2. Bf4 d5 3. e3 c5 4. Nc3 e6 5. Nb5 Na6 6. Nf3 Be7 7. a4 O-O 8. Ne5 Ne4 9. f3 Nd6 10. Nxd6 Bxd6 11. Bxa6 Qa5+ 12. c3 Qxa6 13. Qe2 c4 14. O-O f6 15. Ng4 Be7 16. e4 dxe4 17. fxe4 Bd7 18. a5 Rae8 19. Kh1 Bd8 20. Ne3 Bb5 21. Nc2 Qc6 22. e5 Qd7 23. exf6 gxf6 24. Bh6 Rf7 25. Rf3 Kh8 26. Raf1 Rg8 27. Qf2 Rg6 28. Bc1 Bc6 29. Rg3 Rxg3 30. hxg3 Be4 31. Ne3 Bd3 32. Re1 Bxa5 33. Nf1 Qd5 34. Kg1 Bc7 35. Bf4 e5 36. Be3 a5 37. Nh2 Qd7 38. Nf3 Qf5 39. Nh4 Qxf2+ 40. Kxf2 b5 41. Ra1 Kg7 42. g4 Rd7 43. Nf5+ Kf7 44. Rh1 Ke6 45. Rh5 b4 46. dxe5 Bxe5 47. Nd4+ Kd5 48. g5 bxc3 49. bxc3 Bg6 50. Rh1 fxg5 51. Bxg5 a4 52. Rd1 Bd3 53. Be3 Rf7+ 54. Kg1 Rf6 55. Ra1 Ra6 56. Ra3 Bd6 57. Ra1 a3 58. Nf3 a2 59. Kf2 Bc2 60. Nd4 Bb3 61. Ke2 Ba3 62. Rh1 Rg6 63. Rh5+ Kd6 64. Nb5+ Kc6 65. Nd4+ Kd7 66. Rxh7+ Ke8 67. Rh1 Bb2 68. Rh8+ Kf7 0-1

[Event "HUN-ch Rapid 2019"]
[Site "Ajka"]
[Date "2019.07.19"]
[Round "2.7"]
[White "Ruck, Robert"]
[Black "Finszter, Mate"]
[Result "1-0"]
[ECO "B38"]
[WhiteElo "2524"]
[BlackElo "2276"]
[Annotator "ChessBase"]
[PlyCount "105"]
[EventDate "2019.07.18"]
[EventType "swiss"]
[EventCountry "HUN"]
[SourceTitle "playchess.com"]
[Source "ChessBase"]
[SourceQuality "1"]
[TimeControl "1200+5"]

1. Nf3 c5 2. c4 g6 3. e4 Bg7 4. d4 cxd4 5. Nxd4 Nc6 6. Be3 Nf6 7. Nc3 d6 8. Be2 O-O 9. O-O Bd7 10. Re1 Nxd4 11. Bxd4 Bc6 12. Bd3 a5 13. Qd2 Nd7 14. Bxg7 Kxg7 15. Rad1 Nc5 16. Bc2 Qb6 17. Re3 Rh8 18. Rh3 h6 19. Rg3 Rad8 20. b3 e5 21. Rh3 Ne6 22. Rd3 Nd4 23. Qe3 Qc5 24. Bb1 Rhe8 25. R3d2 Rh8 26. Ne2 Nxe2+ 27. Qxe2 Rhe8 28. Re1 Ra8 29. Qd1 Re6 30. Re3 a4 31. h3 axb3 32. axb3 Ra1 33. Ra2 Rxa2 34. Bxa2 Rf6 35. Qe1 Qa3 36. Bb1 Qb2 37. b4 Qd4 38. Qc3 Qd1+ 39. Re1 Qh5 40. Bc2 Qg5 41. Qe3 Qh4 42. Rd1 Bd7 43. c5 Bc6 44. Rxd6 Rxd6 45. cxd6 Qd8 46. Qc5 Qe8 47. Bb3 Kf6 48. f3 Qd7 49. Kf2 b6 50. Qc4 Qxd6 51. Qxf7+ Kg5 52. Kg3 Qf6 53. h4+ 1-0

[Event "HUN-ch Rapid 2019"]
[Site "Ajka"]
[Date "2019.07.19"]
[Round "2.8"]
[White "Terbe, Julianna"]
[Black "Prohaszka, Peter"]
[Result "0-1"]
[ECO "D00"]
[WhiteElo "2298"]
[BlackElo "2598"]
[Annotator "ChessBase"]
[PlyCount "78"]
[EventDate "2019.07.18"]
[EventType "swiss"]
[EventCountry "HUN"]
[SourceTitle "playchess.com"]
[Source "ChessBase"]
[SourceQuality "1"]
[TimeControl "1200+5"]

1. d4 d5 2. Bf4 c5 3. e3 cxd4 4. exd4 Nc6 5. c3 Bf5 6. Nf3 e6 7. Nbd2 Bd6 8. Bg3 Nf6 9. Be2 h6 10. O-O O-O 11. Re1 Rb8 12. a4 Bxg3 13. hxg3 Qb6 14. Qb3 Qc7 15. Qa3 b6 16. Ba6 Rfe8 17. Ne5 Nxe5 18. dxe5 Ng4 19. Nf3 Rbd8 20. Bb5 Rf8 21. Re2 Be4 22. Nd4 Nxe5 23. f3 Bg6 24. f4 Ng4 25. Nc6 Rd7 26. Nd4 Rd6 27. a5 a6 28. Bxa6 bxa5 29. Bb5 Ra8 30. Kh1 Be4 31. Ba4 Rb6 32. Bc2 Qd8 33. Bxe4 dxe4 34. Kg1 Qd5 35. Rae1 Qh5 36. Rxe4 Qh2+ 37. Kf1 Qh1+ 38. Ke2 Qxg2+ 39. Kd1 Nf2+ 0-1

[Event "HUN-ch Rapid 2019"]
[Site "Ajka"]
[Date "2019.07.19"]
[Round "2.9"]
[White "Medvegy, Zoltan"]
[Black "Balint, Vilmos"]
[Result "1-0"]
[ECO "A16"]
[WhiteElo "2539"]
[BlackElo "2203"]
[Annotator "ChessBase"]
[PlyCount "43"]
[EventDate "2019.07.18"]
[EventType "swiss"]
[EventCountry "HUN"]
[SourceTitle "playchess.com"]
[Source "ChessBase"]
[SourceQuality "1"]
[TimeControl "1200+5"]

1. c4 Nf6 2. Nc3 d5 3. cxd5 Nxd5 4. Nf3 g6 5. h4 h6 6. e4 Nxc3 7. dxc3 Qxd1+ 8. Kxd1 Bg4 9. Bf4 c6 10. Kc2 Nd7 11. Bc4 Bxf3 12. gxf3 e6 13. b4 O-O-O 14. a4 Bg7 15. Be3 Kb8 16. f4 Nf6 17. f3 Nh5 18. Rad1 Bf6 19. Rxd8+ Rxd8 20. f5 gxf5 21. exf5 Ng3 22. Bf4+ 1-0

[Event "HUN-ch Rapid 2019"]
[Site "Ajka"]
[Date "2019.07.19"]
[Round "2.10"]
[White "Seres, Bela"]
[Black "Czebe, Attila"]
[Result "0-1"]
[ECO "B07"]
[WhiteElo "2161"]
[BlackElo "2436"]
[Annotator "NA"]
[PlyCount "58"]
[EventDate "2019.07.18"]
[EventType "swiss"]
[EventCountry "HUN"]
[SourceTitle "playchess.com"]
[Source "ChessBase"]
[SourceQuality "1"]
[TimeControl "1200+5"]

1. e4 d6 2. d4 Nf6 3. Nc3 Nbd7 4. g4 h6 5. Bg2 e5 6. d5 Be7 7. h3 Nf8 8. Nge2 Ng6 9. Be3 h5 10. g5 Nh4 11. gxf6 Nxg2+ 12. Kd2 Bxf6 13. Qg1 Nxe3 14. fxe3 h4 15. Qg2 c5 16. Raf1 Bd7 17. Nc1 b5 18. Nd3 a5 19. Nf2 a4 20. Ng4 Bg5 21. Qf3 f6 22. Rhg1 Qa5 23. Nxe5 dxe5 24. Rxg5 fxg5 25. Qf7+ Kd8 26. Qxg7 Re8 27. Rf7 Ra7 28. Qxg5+ Kc8 29. Qg6 Rd8 0-1

[Event "HUN-ch Rapid 2019"]
[Site "Ajka"]
[Date "2019.07.19"]
[Round "2.11"]
[White "Vertetics, Attila"]
[Black "Csati, Oliver"]
[Result "1-0"]
[ECO "A45"]
[WhiteElo "2438"]
[BlackElo "2233"]
[Annotator "NA"]
[PlyCount "35"]
[EventDate "2019.07.18"]
[EventType "swiss"]
[EventCountry "HUN"]
[SourceTitle "playchess.com"]
[Source "ChessBase"]
[SourceQuality "1"]
[TimeControl "1200+5"]

1. d4 Nf6 2. Bg5 d5 3. e3 c5 4. c3 Nc6 5. Nd2 Bf5 6. dxc5 e5 7. b4 e4 8. Ne2 h6 9. Bh4 g5 10. Bg3 Bg4 11. Qa4 Bxe2 12. Bxe2 Nd7 13. Nb3 a5 14. b5 Nce5 15. c6 bxc6 16. bxc6 Nb6 17. Qd4 Ng6 18. c7 1-0

[Event "HUN-ch Rapid 2019"]
[Site "Ajka"]
[Date "2019.07.19"]
[Round "2.12"]
[White "Kovacs, Marton"]
[Black "Aczel, Gergely"]
[Result "0-1"]
[ECO "A45"]
[WhiteElo "2147"]
[BlackElo "2540"]
[Annotator "ChessBase"]
[PlyCount "78"]
[EventDate "2019.07.18"]
[EventType "swiss"]
[EventCountry "HUN"]
[SourceTitle "playchess.com"]
[Source "ChessBase"]
[SourceQuality "1"]
[TimeControl "1200+5"]

1. d4 Nf6 2. Bf4 d5 3. e3 e6 4. Nf3 Bd6 5. Bg3 O-O 6. Bd3 b6 7. Nbd2 Bb7 8. Ne5 c5 9. c3 Nc6 10. Qe2 Ne7 11. Bh4 Ne4 12. Nxe4 dxe4 13. Bc2 Rc8 14. f3 f6 15. Ng4 Ng6 16. Bg3 f5 17. fxe4 fxg4 18. e5 Be7 19. Qxg4 Bg5 20. Bxg6 hxg6 21. Qxe6+ Kh7 22. Qh3+ Bh6 23. O-O-O cxd4 24. Bf4 d3 25. Rd2 g5 26. Bg3 Rc4 27. Qe6 Bd5 28. Qd6 Be4 29. Qe6 Qc8 30. Qxc8 Rcxc8 31. Rf2 Rxf2 32. Bxf2 g4 33. Kd2 Rf8 34. Bg3 Kg6 35. Rg1 Bg5 36. h4 Be7 37. Bf4 Bxh4 38. g3 Be7 39. c4 Bb4+ 0-1

[Event "HUN-ch Rapid 2019"]
[Site "Ajka"]
[Date "2019.07.19"]
[Round "2.13"]
[White "Horvath, Adam"]
[Black "Kassay, Krisztian"]
[Result "1-0"]
[ECO "B07"]
[WhiteElo "2517"]
[BlackElo "2174"]
[Annotator "ChessBase"]
[PlyCount "83"]
[EventDate "2019.07.18"]
[EventType "swiss"]
[EventCountry "HUN"]
[SourceTitle "playchess.com"]
[Source "ChessBase"]
[SourceQuality "1"]
[TimeControl "1200+5"]

1. e4 d6 2. d4 Nf6 3. Nc3 Nbd7 4. Nf3 e5 5. Bc4 Be7 6. a4 O-O 7. O-O c6 8. Re1 a5 9. h3 Qc7 10. Bd3 Re8 11. b3 Nf8 12. Bb2 Ng6 13. Ne2 Bf8 14. Ng3 Bd7 15. Qd2 Rad8 16. Rad1 exd4 17. Bxd4 Ne5 18. Be2 c5 19. Bc3 b6 20. Nh4 Bc6 21. f4 Ng6 22. Nxg6 hxg6 23. Bf3 Qb7 24. Bxf6 gxf6 25. c4 Bg7 26. Rf1 Qe7 27. Rde1 Bh6 28. Re2 Qb7 29. Bg4 Bxe4 30. Rfe1 f5 31. Bxf5 gxf5 32. Nxf5 Bxf5 33. Rxe8+ Rxe8 34. Rxe8+ Kh7 35. Qxd6 Qd7 36. Qxd7 Bxd7 37. Re7 Be6 38. g3 Kg7 39. Rb7 Bxh3 40. Rxb6 Bf5 41. Kf2 Kf8 42. Rxh6 1-0